 Dungeon Crawl Stone Soup version 0.31-a0-219-g8d62b2e7bb (webtiles) character file.

Game seed: 13550951865423278422

54 marky1606 the Trooper (level 3, -11/29 HPs)
             Began as a Demonspawn Fighter on July 4, 2023.
             Mangled by a gnoll
             ... wielding a +0 halberd
              (13 damage)
             ... on level 2 of the Dungeon.
             The game lasted 00:04:30 (1822 turns).

marky1606 the Trooper (Demonspawn Fighter)          Turns: 1822, Time: 00:04:31

Health: -11/29     AC:  6    Str: 18    XL:     3   Next: 66%
Magic:  3/3        EV:  9    Int:  9    God:
Gold:   60         SH:  4    Dex: 12    Spells: 2/2 levels left

rFire   . .          .
                       - Unarmed
rCold   . . .        b - +0 buckler
rNeg    . . .        a - +0 scale mail
rPois   +            (no helmet)
rElec   .            (no cloak)
rCorr   .            (no gloves)
SInv    .            (no boots)
Will    .....        (no amulet) Stlth
                     g - ring of poison resistance
HPRegen 0.24/turn    (no ring)
MPRegen 0.08/turn

%: no passive effects
@: no status effects
A: demonic guardian 1
a: no special abilities


You were on level 2 of the Dungeon.
You visited 1 branch of the dungeon, and saw 2 of its levels.

You collected 60 gold pieces.

Inventory:

Armour
 a - a +0 scale mail (worn)
 b - a +0 buckler (worn)
Jewellery
 g - a ring of poison resistance (left hand)
Scrolls
 d - a scroll of enchant weapon
 e - a scroll of silence {unknown}
 f - 2 scrolls of noise
Potions
 c - a potion of might


   Skills:
 * Level 3.3 Fighting
 + Level 3.0 Armour
 * Level 3.1 Shields
 + Level 2.7 Unarmed Combat


You had 2 spell levels left.
You didn't know any spells.
Your spell library was empty.

Dungeon Overview and Level Annotations

Branches:
Dungeon (2/15)

Altars:


Innate Abilities, Weirdness & Mutations

A weak demonic guardian rushes to your aid.


Message History

You kill the frilled lizard!
Found a cloak.
A gnoll comes into view. It is wielding a +0 flail.
A gnoll comes into view. It is wielding a +0 halberd.
The gnoll shouts! x2; You hear a shout! x2
The gnoll hits you with a +0 flail.
You hit the gnoll.
The gnoll is heavily wounded.
You block the gnoll's attack.
A gnoll comes into view. It is wielding a +0 whip.
You hit the gnoll.
The gnoll is severely wounded.
The gnoll hits you with a +0 flail.
You hit the gnoll but do no damage.
The gnoll is severely wounded.
The gnoll hits you with a +0 flail!
The gnoll hits you from afar with a +0 halberd.
The gnoll attacks as you move away! The gnoll barely misses you.
You hit the gnoll.
The gnoll is almost dead.
The gnoll hits you with a +0 flail.
The gnoll hits you from afar with a +0 halberd!
* * * LOW HITPOINT WARNING * * *
A demonic guardian appears!
The gnoll closely misses your ufetubus.
Your ufetubus hits the gnoll but does no damage.
Your ufetubus completely misses the gnoll.
You hit the gnoll but do no damage.
The gnoll is almost dead.
Your ufetubus closely misses the gnoll.
Your ufetubus hits the gnoll.
The gnoll dies!
Your ufetubus closely misses the gnoll.
Your ufetubus hits the gnoll but does no damage.
The gnoll hits your ufetubus with a +0 whip.
Your ufetubus barely misses the gnoll. x2
The gnoll misses you. Something hits your ufetubus.
Your ufetubus dies!
Your ufetubus disappears in a puff of smoke!
The gnoll hits you from afar with a +0 halberd!
You die...

.........#.#.#.#..#
#.....###
......>...........#
##..#####
.........#.#.#.#..#
##......
..................#
#######
...###........###.#
#......
######.....##.###.###
#.#####
.......###.##.......#
#.###.# ######.#
#...####.#.## #..##.#
#.# ###....@...<#
#...#.# #.#
###..###### #.#.#.#
#.# #g## ####.....#
#.# #g.# ..#.#.#<#
######.########.#
#.#.#...#
.....#.#........#
#.#.#...#
.....#.#...........#
#.#.#..##
.....#.#.....).....#
#.#.##)..
######.###########.#
#.#.####.


You could see 2 gnolls.

Vanquished Creatures
  A dart slug (D:1)
  3 ball pythons
  2 giant cockroaches
  7 goblins
  2 hobgoblins
  3 quokkas (D:1)
  3 bats
  2 frilled lizards
  6 kobolds
  4 rats
33 creatures vanquished.

Vanquished Creatures (collateral kills)
  A gnoll (D:2)
  A ball python (D:2)
  A goblin (D:2)
  A hobgoblin (D:1)
  A kobold (D:2)
  A quokka (D:2)
6 creatures vanquished.

Grand Total: 39 creatures vanquished

Notes
Turn   | Place    | Note
-------+----------+-------------------------------------------
     0 | D:1      | marky1606 the Demonspawn Fighter began the quest for the
                  | Orb.
     0 | D:1      | Reached XP level 1. HP: 18/18 MP: 1/1
   200 | D:1      | Gained mutation: A weak demonic guardian rushes to your
                  | aid. [demonic ancestry]
   200 | D:1      | Reached XP level 2. HP: 23/24 MP: 2/2
   266 | D:1      | Found a faded altar of an unknown god.
   306 | D:1      | You fall into a shaft and drop 1 floor!
   644 | D:1      | Reached XP level 3. HP: 29/29 MP: 3/3
  1817 | D:2      | HP: 1/29 [gnoll/+0 halberd (10)]
  1822 | D:2      | Mangled by a gnoll

Illustrated notes

Levels and vault maps discovered:
D:1:      heliophobic_arrival_glass_houses, layout_loops_ring,
          ebering_ecumenical_altar_sacrificial
D:2:      layout_basic, serial_co_window_serial, co_window_paths_b,
          co_window_paths_b, co_window_paths_b, co_window_of_opportunity_a,
          co_window_of_opportunity_a, co_window_corner_a, co_window_paths_a,
          co_window_cross_2, co_window_broadway_b, co_window_broadway_b,
          co_window_unsneaky_path_b, co_window_of_opportunity_c,
          glass_columns_c, glass_columns_a

Skill      XL: |  1  2  3 |
---------------+----------+-----
Unarmed Combat | 2 |  2.7
Armour         | 3 |  3.0
Shields        | 3 |  3.1
Fighting       | |  3.3

Action                     || total
---------------------------++-------
  Melee: Unarmed           ||   157
    Use: Scroll            ||     6
 Armour: Scale mail        ||    72
  Dodge: Dodged            ||    57
  Block: Buckler           ||    26

Table legend: (Time is in decaauts)
 A = Elapsed time spent in this place.
 B = Non-inter-level travel time spent in this place.
 C = Inter-level travel time spent in this place.
 D = Time resting spent in this place.
 E = Time spent auto-exploring this place.
 F = Levels seen in this place.
 G = Mean time per level.
                   A        B        C        D        E       F      G
               +--------+--------+--------+--------+--------+-----+--------+
         Total |   1821 |   1821 |      0 |      0 |   1422 |   2 |  910.5 |
       Dungeon |   1821 |   1821 |      0 |      0 |   1422 |   2 |  910.5 |
               +--------+--------+--------+--------+--------+-----+--------+

Top non-repeatable levels by time:
     D:1: 1100 daAuts
     D:2: 720 daAuts
